 Dungeon Crawl Stone Soup version 0.28.0-53-g5a82cb258f (webtiles) character file.

Game seed: 3492971285847916140

37048 mortz the Unseen (level 14, -1/74 HPs)
             Began as a Kobold Conjurer on Aug 20, 2022.
             Was an Elder of Vehumet.
             Succumbed to Nessos's poison
             ... on level 6 of the Lair of Beasts.
             The game lasted 01:56:17 (24191 turns).

mortz the Unseen (Kobold Conjurer)                 Turns: 24191, Time: 01:56:17

Health: -1/74      AC: 17    Str:  6    XL:     14   Next: 27%
Magic:  37/45      EV: 15    Int: 29    God:    Vehumet [****..]
Gold:   503        SH:  4    Dex: 13    Spells: 2/31 levels left

rFire   . . .      SeeInvis .   a - +6 quick blade {shortrare}
rCold   + . .      Faith    .   o - +0 buckler {AC+3}
rNeg    . . .      Spirit   .   D - +0 acid dragon scales
rPois   .          Reflect  .   z - +1 hat
rElec   .          Harm     .   g - scarf {shadows}
rCorr   +          Rampage  +   v - +2 pair of gloves
Will    +....                   r - +2 pair of boots
Stlth   ++++++++..              m - amulet of Xisid {Acrobat Rampage rC+ MP+9}
HPRegen 0.22/turn               E - +6 ring of intelligence
MPRegen 0.29/turn               h - ring of magical power

@: lethally poisoned (-1 -> -15), slowed, very slow
A: small, no large weapons, nightstalker 3
a: Renounce Religion


You were on level 6 of the Lair of Beasts.
You worshipped Vehumet.
Vehumet was greatly pleased with you.
You visited 3 branches of the dungeon, and saw 17 of its levels.
You also visited: Sewer and Ossuary.

You collected 1341 gold pieces.
You spent 838 gold pieces at shops.


Innate Abilities, Weirdness & Mutations

You are small and have problems with some larger weapons.
You are completely attuned to the shadows.


   Skills:
 + Level 3.3 Fighting
 - Level 8.0 Short Blades
 + Level 4.7 Armour
 + Level 7.1 Dodging
 + Level 18.5 Stealth
 + Level 0.5 Shields
 + Level 9.0 Spellcasting
 + Level 11.3 Conjurations
 + Level 9.5 Translocations
 + Level 0.6 Evocations


You had 2 spell levels left.
You knew the following spells:

 Your Spells              Type           Power      Damage    Failure   Level
a - Magic Dart            Conj           100%       1d8       1%          1
b - Searing Ray           Conj           100%       2d8       1%          2
c - Iskenderun's Mystic   Conj/Tloc      65%        2d13      1%          4
d - Mephitic Cloud        Conj/Pois/Air  35%        N/A       2%          3
e - Lee's Rapid Deconstr  Erth           6%         3d7*      61%         5
f - Fireball              Conj/Fire      22%        3d10      9%          5
g - Iskenderun's Battles  Conj           68%        2d12      1%          5
h - Hailstorm             Conj/Ice       45%        3d10      3%          4

Your spell library contained the following spells:

 Spells                   Type           Power      Damage    Failure   Level
 Blink                    Tloc           100%       N/A       1%          2
 Poisonous Vapours        Pois/Air       26%        N/A       5%          2
 Beastly Appendage        Tmut           26%        N/A       12%         1
 Slow                     Hex            52%        N/A       12%         1
 Sting                    Tmut/Pois      52%        1d5       12%         1
 Corpse Rot               Necr/Air       26%        N/A       19%         2
 Wereblood                Tmut           13%        N/A       19%         2
 Dazzling Flash           Conj/Hex       90%        N/A       1%          3
 Lesser Beckoning         Tloc           62%        N/A       1%          3
 Fulminant Prism          Conj/Hex       22%        3d13      3%          4
 Portal Projectile        Hex/Tloc       80%        N/A       5%          3
 Manifold Assault         Tloc           62%        N/A       7%          5
 Ignite Poison            Fire/Tmut/Pois 13%        N/A       11%         3
 Freezing Cloud           Conj/Ice/Air   17%        6-21      19%         5
 Olgreb's Toxic Radiance  Pois           13%        N/A       30%         4
 Confusing Touch          Hex            13%        N/A       36%         3
 Ozocubu's Armour         Ice            13%        N/A       36%         3
 Spider Form              Tmut/Pois      13%        N/A       36%         3
 Vampiric Draining        Necr           13%        2d6       36%         3
 Iron Shot                Conj/Erth      22%        9d5       41%         6
 Dispel Undead            Necr           13%        3d9       77%         4
 Spellforged Servitor     Conj/Summ      22%        N/A       91%         7
 Alistair's Intoxication  Tmut/Pois      8%         N/A       98%         5
 Blade Hands              Tmut           6%         N/A       98%         5
 Borgnjor's Vile Clutch   Necr/Erth      6%         N/A       98%         5
 Excruciating Wounds      Necr           6%         N/A       98%         5
 Metabolic Englaciation   Hex/Ice        6%         N/A       98%         5
 Eringya's Noxious Bog    Tmut/Pois      6%         N/A       98%         6
 Death Channel            Necr           6%         N/A       100%        6
 Simulacrum               Ice/Necr       6%         N/A       100%        6

Inventory:

Hand Weapons
 a - a +6 quick blade (weapon) {shortrare}
   (You acquired it on level 10 of the Dungeon)
 T - the +3 war axe of Eternal Night {speed, *Noise rC++, axe}
   (You took it off a wight on level 8 of the Dungeon)

   Attacks with this weapon are significantly faster.
   rC:        It greatly protects you from cold.
   *Noise:    It may make noises in combat.
Armour
 g - a scarf of shadows (worn)
   (You found it on level 5 of the Lair of Beasts)
 o - a +0 buckler of protection (worn)
   (You found it on level 3 of the Lair of Beasts)
 r - a +2 pair of boots (worn)
   (You found it on level 4 of the Dungeon)
 s - a +0 ring mail of cold resistance
   (You found it on level 3 of the Lair of Beasts)
 v - a +2 pair of gloves (worn)
   (You found it on level 7 of the Dungeon)
 z - a +1 hat (worn)
   (You found it on level 5 of the Dungeon)
 D - +0 acid dragon scales (worn)
   (You found it on level 5 of the Dungeon)
 F - a +0 helmet
   (You found it on level 9 of the Dungeon)
 L - a +2 cloak
   (You took it off Crazy Yiuf on level 6 of the Dungeon)
Magical Staves
 b - a staff of conjuration {!a@e2staff}
   (You found it on level 3 of the Lair of Beasts)
Jewellery
 d - a ring of protection from fire
   (You found it on level 2 of the Dungeon)
 e - a ring of resist corrosion
   (You found it on level 2 of the Dungeon)
 h - a ring of magical power (right hand)
   (You found it on level 2 of the Dungeon)
 k - a ring of willpower
   (You found it on level 2 of the Lair of Beasts)
 m - the amulet of Xisid (around neck) {Acrobat Rampage rC+ MP+9}
   (You acquired it on level 3 of the Dungeon)

   [amulet of the acrobat]

   It increases your evasion while moving and waiting.
   rC:        It protects you from cold.
   MP:        It affects your magic capacity (+9).
   Rampage:   It bestows one free step when moving towards enemies.
 t - an amulet of regeneration {@e2}
   (You found it on level 6 of the Lair of Beasts)
 w - a +6 ring of dexterity
   (You found it on level 5 of the Dungeon)
 E - a +6 ring of intelligence (left hand)
   (You found it on level 6 of the Dungeon)
 N - a ring of magical power
   (You found it on level 7 of the Dungeon)
 V - a ring of flight
   (You bought it in a shop on level 2 of the Dungeon)
Wands
 c - a wand of paralysis (7)
   (You found it on level 7 of the Dungeon)
 x - a wand of polymorph (11)
   (You found it on level 5 of the Dungeon)
 G - a wand of flame (36)
   (You found it on level 6 of the Dungeon)
 P - a wand of acid (10)
   (You found it on level 7 of the Dungeon)
 S - a wand of iceblast (12)
   (You found it on level 9 of the Dungeon)
 Y - a wand of charming (7)
   (You found it on level 10 of the Dungeon)
Scrolls
 f - a scroll of immolation {!r!r}
 j - a scroll of silence {!r}
 l - 7 scrolls of blinking {!r}
 n - 7 scrolls of teleportation {@r4}
 A - 5 scrolls of fog
 J - 2 scrolls of fear
 X - a scroll of summoning
Potions
 i - 4 potions of resistance
 p - 4 potions of cancellation
 q - a potion of invisibility
 u - 5 potions of heal wounds {@q2}
 B - 3 potions of flight
 H - a potion of brilliance
 I - 7 potions of curing {@q1}
 K - 3 potions of mutation {!q}
 M - a potion of attraction {unknown}
 O - 6 potions of haste {@q3}
 Q - 3 potions of magic
 R - 2 potions of might

Dungeon Overview and Level Annotations

Branches:
Dungeon (10/15)            Temple (1/1) D:5            Lair (6/6) D:8
  Swamp (0/4) Lair:2       Spider (0/4) Lair:4          Orc (0/2) D:10
  Sewer (visited)         Ossuary (visited)
  Slime: Lair:5-6

Altars:
Ashenzari
Cheibriados
Dithmenos
Elyvilon
Fedhas
Gozag
Hepliaklqana
Kikubaaqudgha
Makhleb
Nemelex Xobeh
Okawaru
Qazlal
Ru
Sif Muna
Trog
Uskayaw
Vehumet
Wu Jian
Xom
Yredelemnul
Zin
The Shining One

Shops:
D:2 =   D:3 ?   D:6 :   D:7 (

Annotations:
D:9 1 runed translucent door, LustLizard's ghost, journeyman DjIE
Lair:6 Nessos

######### #.#.#.#.##
.#.#...#.#
#.........##### ###
.#..........##โ€
###.#
...............##P..
ยง#..........P.#.#...
#.ยฐ@........PP##....
#w..........PP##....
#Y...... ##...
...Y... ..โ€ . ....
.... .... ..#. ##


You could see a torpor snail and 2 dream sheep.


Message History

You see here an orc skeleton.
Casting: Searing Ray (safe; 1% risk of failure)
Confirm with . or Enter, or press ? or * to list all spells.
You conjure a globe of magical energy. ๐Ÿ˜Ž MP[-5]
You lost 5 mp, and now have 39/44 mp. ๐Ÿ˜Ž MP[+1] ๐Ÿ˜Ž MP[+1] ๐Ÿ˜Ž MP[+1]
You swap places. ๐Ÿ˜Ž MP[+1] ๐Ÿ˜Ž MP[+1]
Your mp is fully restored (44).
Your battlesphere wavers and loses cohesion.
Casting: Iskenderun's Battlesphere (dangerous; 1% risk of failure)
Confirm with . or Enter, or press ? or * to list all spells.
You conjure a globe of magical energy. ๐Ÿ˜Ž MP[-5]
You lost 5 mp, and now have 39/44 mp. ๐Ÿ˜Ž MP[+1] ๐Ÿ˜Ž MP[+1] ๐Ÿ˜Ž MP[+1] ๐Ÿ˜Ž MP[+1]
You can't wield that with only one hand. ๐Ÿ˜Ž MP[+1]
Your mp is fully restored (44).
t - an amulet of regeneration {@e2} Shopping list: removing an amulet of regeneration on D:2 You see here 16 sling bullets.
You swap places.
You see here 16 sling bullets.
Your battlesphere wavers and loses cohesion.
A cane toad comes into view.
You rampage towards the cane toad!
The helpless cane toad fails to defend itself.
You spit the cane toad like a pig!!!
You kill the cane toad!
Vehumet accepts your kill.
An eight-headed hydra comes into view.
The helpless eight-headed hydra fails to defend itself.
You skewer the eight-headed hydra like a kebab!!!!
You kill the eight-headed hydra!
Vehumet accepts your kill.
Your Spellcasting skill increases to level 9!
A dream sheep comes into view. ๐Ÿ˜Ž MP[+1]
Your mp is fully restored (45).
You rampage towards the dream sheep!
Nessos, a torpor snail and a dream sheep come into view.
Nessos wields a +2 longbow of flaming.
It bursts into flame!
Nessos shoots an arrow.
The arrow completely misses you.
Nessos mumbles some strange words.
Nessos seems to speed up.
You barely miss the dream sheep.
The dream sheep bleats!
You hear a bleat!
You hear an angry growl.
The dream sheep bites you but does no damage.
Being near the torpor snail leaves you feeling lethargic.
Nessos shoots an arrow.
The arrow hits you! The arrow burns you.
You are poisoned. ๐Ÿ˜• HP[-11]
You take 11 damage, and now have 63/74 hp.
Casting: Iskenderun's Battlesphere (dangerous; 1% risk of failure)
Confirm with . or Enter, or press ? or * to list all spells.
You conjure a globe of magical energy.
You feel very sick.
Nessos shoots an arrow.
The arrow hits your battlesphere!! The arrow burns your battlesphere.
Your battlesphere is destroyed!
Nessos shoots an arrow.
You block the arrow. The dream sheep misses you.
Nessos intently looks at you, slowly moving their tail.
Nessos shoots an arrow.
The arrow hits you!!
* * * LOW HITPOINT WARNING * * *
The arrow burns you!
You are more poisoned.
* * * LOW HITPOINT WARNING * * *
The dream sheep shake their wool and sparkle.
You feel drowsy...
You fall asleep.
You feel very sick.
Nessos shoots an arrow.
The arrow hits you!
You wake up.
* * * LOW HITPOINT WARNING * * *
The arrow burns you.
* * * LOW HITPOINT WARNING * * *
Nessos gestures wildly while chanting.
Nessos blinks!
The dream sheep closely misses you.
A dream sheep comes into view.
The dream sheep bites you but does no damage. ๐Ÿ˜ฑ HP[-59] MP[-5]
You take 59 damage, and now have 4/74 hp.
MASSIVE DAMAGE!! (PAUSE)
You lost 5 mp, and now have 40/45 mp.
Casting: Iskenderun's Battlesphere (dangerous; 1% risk of failure)
Confirm with . or Enter, or press ? or * to list all spells.
You erupt in a blast of force!
The mystic blast hits Nessos!
The mystic blast hits the dream sheep!
The mystic blast hits the torpor snail but does no damage.
The mystic blast hits the dream sheep!
The dream sheep is knocked back by the mystic blast.
The mystic blast hits the dream sheep!
The dream sheep is knocked back by the mystic blast.
You die...

Skill      XL: |  1  2  3  4  5  6  7  8  9 10 11 12 13 14 |
---------------+-------------------------------------------+-----
Stealth        | 3 4 5 6 7 8 10 11 13 14 16 18 | 18.5
Translocations | 1 2 3 4 5 6 7 8 9 |  9.5
Short Blades   | 1 2 3 5 6 8 |  8.0
Dodging        | 3 4 5 6 7 |  7.1
Conjurations   | 5 6 7 8 9 10 11 | 11.3
Spellcasting   | 3 4 6 7 8 9 |  9.0
Fighting       | 1 2 3 |  3.3
Armour         | 2 3 4 |  4.7
Shields        | |  0.5
Evocations     | |  0.6

Action                   |  1- 3 |  4- 6 |  7- 9 | 10-12 | 13-15 || total
-------------------------+-------+-------+-------+-------+-------++-------
Melee: Short sword       |    20 |    17 |       |       |       ||    37
       Dagger            |       |       |    51 |    41 |       ||    92
       Quick blade       |       |       |       |    41 |    29 ||    70
 Cast: Magic Dart        |    37 |       |       |       |       ||    37
       Searing Ray       |     4 |    21 |    66 |    87 |    13 ||   191
       Iskenderun's Myst |       |       |       |    87 |    97 ||   184
       Mephitic Cloud    |       |       |       |     1 |       ||     1
       Iskenderun's Batt |       |       |       |       |     6 ||     6
Evoke: Wand              |       |       |       |       |     4 ||     4
  Use: Scroll            |     4 |     2 |     6 |    21 |     4 ||    37
       Potion            |       |       |     1 |       |       ||     1
 Stab: Sleeping          |    17 |    15 |    45 |    71 |    27 ||   175
       Distracted        |       |       |       |     1 |       ||     1
Armor: Robe              |     7 |     1 |    11 |       |       ||    19
       Acid dragon scale |       |       |     8 |    23 |    25 ||    56
Dodge: Dodged            |    18 |    21 |   117 |   151 |    46 ||   353
Block: Buckler           |       |       |       |     5 |     9 ||    14

Levels and vault maps discovered:
D:1:      roderic_crop_circles_arrival_large, layout_loops_corners,
          hellmonk_ecumenical_altar_watching_god
D:2:      layout_loops_cross, serial_shops, nicolae_lakefront_shop,
          minmay_tree_intersection, minmay_misc_feat_diagonals
D:3:      layout_loops_ring, gammafunk_ghost_smash, serial_shops, shop,
          minmay_circle_x, uniq_terence
D:4:      layout_gridville
D:5:      layout_rooms, temple_fountains, cheibrodos_sewer_entry_drain,
          serial_curves, eino_curves_04, eino_curves_01, kennysheep_nondescript
D:6:      layout_loops_ring, serial_shops, nicolae_shop_trees,
          minmay_misc_feat_ornament, grunt_ministairs_4,
          uniq_crazy_yiuf_cottage, uniq_prince_ribbit1
D:7:      corexii_shantytown, layout_layer_cave, serial_shops,
          nicolae_shop_temple_entry_statues_fountains
D:8:      layout_loops_cross, lair_entry_dummy, enter_ossuary_2, uniq_grum
D:9:      minmay_goldmine, layout_stronghold, mainiacjoe_overflow_brackets,
          ebering_ghost_xom
D:10:     layout_long_grid, david_orc_4
Temple:   mainiacjoe_temple_hex_bubbles
Lair:1:   layout_concentric_octagons, chequers_serial_rivers_micro_b,
          chequers_serial_rivers_small_b, beast_lair_carwin_9
Lair:2:   layout_layer_cave, minmay_swamp_entry_worms
Lair:3:   layout_loops_ring, infiniplex_staircase_pool_2, lemuel_fruit_fields,
          lemuel_fruit_tree
Lair:4:   layout_cave_pods, spider_nest_entry_funnel_web, st_stairs_3,
          serial_bayou_ford_a, lemuel_fruit_fields
Lair:5:   layout_cave_pods, grunt_megastairs_1, infiniplex_staircase_pool,
          uniq_rupert
Lair:6:   grunt_lair_end_beastmaster, layout_cave_pods,
          minmay_slime_entry_oklob_enclosed, serial_bayou_crossing, uniq_nessos

Notes
Turn   | Place    | Note
-------+----------+-------------------------------------------
     0 | D:1      | mortz the Kobold Conjurer began the quest for the Orb.
     0 | D:1      | Reached XP level 1. HP: 10/10 MP: 3/3
     0 | D:1      | magus.rc [v1.9.6]
   197 | D:1      | Reached XP level 2. HP: 15/15 MP: 1/5
   198 | D:1      | You add the spells Ignite Poison, Mephitic Cloud and
                  | Freezing Cloud to your library.
   202 | D:1      | Learned a level 2 spell: Searing Ray
   295 | D:1      | Reached skill level 3 in Stealth
   646 | D:1      | Noticed an eye of devastation
   654 | D:1      | Noticed a shining eye
   656 | D:1      | Noticed a shining eye
   663 | D:1      | You pick up a book of Debilitation and begin reading...
   663 | D:1      | You add the spells Slow, Vampiric Draining and Confusing
                  | Touch to your library.
   706 | D:1      | Found a faded altar of an unknown god.
   706 | D:1      | Noticed a great orb of eyes
   886 | D:1      | Reached XP level 3. HP: 19/19 MP: 6/6
  1639 | D:2      | Found Bietz's Jewellery Emporium.
  2132 | D:3      | Reached skill level 4 in Stealth
  2360 | D:3      | You pick up a book of Winter and begin reading...
  2360 | D:3      | You add the spells Ozocubu's Armour, Metabolic Englaciation
                  | and Simulacrum to your library.
  2414 | D:3      | Found Qesuidas's Magic Scroll Emporium.
  2444 | D:3      | Reached XP level 4. HP: 24/24 MP: 7/7
  2451 | D:3      | Learned a level 4 spell: Iskenderun's Mystic Blast
  2504 | D:3      | Noticed Terence
  2513 | D:3      | Killed Terence
  2514 | D:3      | Reached skill level 1 in Translocations
  2778 | D:3      | Reached skill level 5 in Stealth
  2829 | D:3      | Found a transporter.
  2831 | D:3      | Noticed XVortexX's ghost (amateur DsFi)
  2835 | D:3      | Identified the +2 great mace of a volcano {vorpal, *Rage
                  | rPois rN+}
  2835 | D:3      | Noticed an ogre
  2903 | D:3      | Reached skill level 1 in Short Blades
  2903 | D:3      | Reached XP level 5. HP: 28/28 MP: 8/8
  3000 | D:3      | Noticed an ogre
  3276 | D:3      | Identified a scroll of acquirement
  3276 | D:3      | Acquired the amulet of Xisid {Acrobat Rampage rC+ MP+9}
  3394 | D:4      | You pick up a book of Vapours and begin reading...
  3394 | D:4      | You add the spells Poisonous Vapours and Corpse Rot to your
                  | library.
  3483 | D:4      | Reached skill level 3 in Dodging
  3580 | D:4      | Reached skill level 6 in Stealth
  3644 | D:4      | Reached XP level 6. HP: 32/32 MP: 9/9
  3748 | D:4      | Reached skill level 2 in Translocations
  4775 | D:5      | Entered Level 5 of the Dungeon
  4782 | D:5      | Reached skill level 7 in Stealth
  4782 | D:5      | Reached XP level 7. HP: 37/37 MP: 10/10
  4845 | D:5      | Reached skill level 2 in Short Blades
  4859 | D:5      | Reached skill level 5 in Conjurations
  5063 | D:5      | Found a glowing drain.
  5075 | Sewer    | Entered a sewer
  5406 | Sewer    | Reached skill level 3 in Translocations
  5490 | Sewer    | Reached skill level 8 in Stealth
  5494 | Sewer    | Reached XP level 8. HP: 31/42 MP: 12/12
  5634 | D:5      | Found a staircase to the Ecumenical Temple.
  5640 | Temple   | Entered the Ecumenical Temple
  5989 | Temple   | Became a worshipper of Vehumet
  6213 | D:5      | HP: 4/42 [acid dragon/splash of acid (25)]
  6227 | D:5      | Reached skill level 9 in Stealth
  6448 | D:6      | Reached skill level 4 in Dodging
  6481 | D:6      | Reached skill level 3 in Spellcasting
  6496 | D:6      | Found Kuestruo's Book Shoppe.
  6535 | D:6      | Reached skill level 4 in Translocations
  6657 | D:6      | Reached skill level 3 in Short Blades
  6657 | D:6      | Reached skill level 10 in Stealth
  6657 | D:6      | Reached XP level 9. HP: 46/46 MP: 13/13
  6679 | D:6      | Reached skill level 1 in Fighting
  6834 | D:6      | Reached skill level 6 in Conjurations
  7121 | D:6      | Reached skill level 5 in Dodging
  7315 | D:6      | Noticed Prince Ribbit
  7320 | D:6      | Killed Prince Ribbit
  7321 | D:6      | Reached skill level 1 in Armour
  7321 | D:6      | Reached skill level 11 in Stealth
  7321 | D:6      | Reached skill level 5 in Translocations
  7595 | D:6      | Found a runed translucent door.
  7598 | D:6      | Noticed Crazy Yiuf
  7603 | D:6      | Killed Crazy Yiuf
  7792 | D:7      | Reached * piety under Vehumet
  7792 | D:7      | Offered knowledge of Freeze by Vehumet.
  8272 | D:7      | Reached skill level 2 in Armour
  8566 | D:7      | Found Ymaeq's Weapon Emporium.
  8696 | D:7      | Reached XP level 10. HP: 52/52 MP: 15/15
  8921 | D:7      | Reached skill level 4 in Short Blades
  9306 | D:7      | magus.rc [v1.9.6]
  9417 | D:8      | Found a staircase to the Lair.
  9440 | D:8      | Reached skill level 12 in Stealth
  9543 | D:8      | Noticed Grum
  9638 | D:8      | Killed Grum
  9638 | D:8      | Reached ** piety under Vehumet
  9783 | D:8      | Offered knowledge of Static Discharge by Vehumet.
  9793 | D:8      | You pick up a book of Decay and begin reading...
  9793 | D:8      | You add the spells Dispel Undead and Death Channel to your
                  | library.
  9878 | D:8      | Reached skill level 13 in Stealth
  9982 | D:8      | Found a sand-covered staircase.
  9987 | Ossuary  | Entered an ossuary
 10130 | Ossuary  | Offered knowledge of Frozen Ramparts by Vehumet.
 10142 | Ossuary  | Learned a level 3 spell: Mephitic Cloud
 10456 | D:8      | You pick up a book of Weapons and begin reading...
 10456 | D:8      | You add the spells Portal Projectile, Excruciating Wounds
                  | and Blade Hands to your library.
 10931 | D:8      | Identified the +3 war axe of Eternal Night {speed, *Noise
                  | rC++}
 10952 | D:8      | Reached skill level 4 in Spellcasting
 10995 | D:8      | Reached *** piety under Vehumet
 11279 | D:3      | Bought a scroll of identify for 26 gold pieces
 11279 | D:3      | Bought a scroll of identify for 26 gold pieces
 11279 | D:3      | Bought a scroll of identify for 26 gold pieces
 11279 | D:3      | Bought a scroll of identify for 26 gold pieces
 11482 | D:9      | Reached skill level 7 in Conjurations
 11640 | D:9      | Reached skill level 6 in Translocations
 11642 | D:9      | Reached skill level 5 in Short Blades
 11807 | D:9      | Reached skill level 6 in Dodging
 11807 | D:9      | Reached XP level 11. HP: 50/57 MP: 9/17
 12007 | D:9      | Found a runed translucent door.
 12008 | D:9      | Found a shimmering altar of Xom.
 12008 | D:9      | Noticed LustLizard's ghost (journeyman DjIE)
 12009 | D:9      | Noticed a +2 hand axe of chaos
 12078 | D:9      | Offered knowledge of Hailstorm by Vehumet.
 12224 | D:9      | Reached skill level 3 in Armour
 12229 | D:9      | Learned a level 4 spell: Hailstorm
 12366 | D:9      | Reached skill level 5 in Spellcasting
 12406 | D:9      | Reached skill level 8 in Conjurations
 12865 | D:9      | Found an opulent altar of Gozag.
 13350 | D:10     | Entered Level 10 of the Dungeon
 13447 | D:10     | Reached skill level 14 in Stealth
 13898 | D:10     | Reached skill level 2 in Fighting
 13898 | D:10     | Reached skill level 7 in Translocations
 13902 | D:10     | Reached **** piety under Vehumet
 13906 | D:10     | Offered knowledge of Lee's Rapid Deconstruction by Vehumet.
 13913 | D:10     | Learned a level 5 spell: Lee's Rapid Deconstruction
 14314 | D:10     | Acquired a +4 quick blade
 14315 | D:10     | Z - a +4 quick blade {shortrare}
 14316 | D:10     | Z - a +4 quick blade (weapon) {shortrare}
 14317 | D:10     | Z - a +4 quick blade (weapon) {shortrare}
 14317 | D:10     | a - a +4 quick blade (weapon) {shortrare}
 14544 | D:3      | your +4 quick blade {shortrare} glows red for a moment.
 14564 | D:3      | Killed XVortexX's ghost
 14566 | D:3      | Found a transporter.
 14647 | D:3      | your +5 quick blade {shortrare} glows red for a moment.
 15447 | D:10     | Found a staircase to the Orcish Mines.
 15529 | Lair:1   | Entered Level 1 of the Lair of Beasts
 15532 | Lair:1   | You add the spells Sting and Olgreb's Toxic Radiance to
                  | your library.
 15572 | Lair:1   | Reached skill level 6 in Short Blades
 15769 | Lair:1   | Noticed a seven-headed hydra
 15777 | Lair:1   | Killed a seven-headed hydra
 15778 | Lair:1   | Reached skill level 6 in Spellcasting
 15778 | Lair:1   | Reached XP level 12. HP: 53/62 MP: 21/21
 15781 | Lair:1   | Reached skill level 15 in Stealth
 15948 | Lair:1   | Reached skill level 7 in Short Blades
 15961 | Lair:1   | You add the spells Alistair's Intoxication, Borgnjor's Vile
                  | Clutch and Eringya's Noxious Bog to your library.
 16735 | D:6      | Bought a book of Power for 462 gold pieces
 16735 | D:6      | You pick up a book of Power and begin reading...
 16735 | D:6      | You add the spells Iskenderun's Battlesphere, Iron Shot and
                  | Spellforged Servitor to your library.
 16836 | D:3      | Bought a scroll of enchant armour for 97 gold pieces
 17089 | D:2      | Bought a ring of flight for 175 gold pieces
 18037 | Lair:2   | Reached skill level 9 in Conjurations
 18052 | Lair:2   | Reached skill level 16 in Stealth
 18178 | Lair:2   | You pick up a book of Spatial Translocations and begin
                  | reading...
 18178 | Lair:2   | You add the spells Blink, Lesser Beckoning and Manifold
                  | Assault to your library.
 18342 | Lair:2   | Reached skill level 8 in Short Blades
 18558 | Lair:2   | Found a staircase to the Swamp.
 18797 | Lair:2   | magus.rc [v1.9.6]
 18857 | Lair:3   | Reached skill level 4 in Armour
 19129 | Lair:3   | a - a +6 quick blade (weapon) {shortrare}
 19255 | Lair:3   | Noticed a boulder beetle
 19278 | Lair:3   | Killed a boulder beetle
 19975 | Lair:4   | Reached skill level 7 in Spellcasting
 20002 | Lair:4   | Reached skill level 8 in Translocations
 20430 | Lair:4   | You pick up a book of Weapons and begin reading...
 20439 | Lair:4   | magus.rc [v1.9.6]
 20526 | Lair:4   | Reached XP level 13. HP: 68/68 MP: 23/23
 20868 | Lair:4   | Found a hole to the Spider Nest.
 20872 | Lair:4   | Reached skill level 17 in Stealth
 21334 | Lair:5   | Reached skill level 10 in Conjurations
 21507 | Lair:5   | Noticed a five-headed hydra
 21516 | Lair:5   | Killed a five-headed hydra
 21644 | Lair:5   | Reached skill level 3 in Fighting
 21663 | Lair:5   | Reached skill level 18 in Stealth
 21669 | Lair:5   | Reached skill level 8 in Spellcasting
 22116 | Lair:5   | Noticed a seven-headed hydra
 22268 | Lair:5   | Killed a seven-headed hydra
 22496 | Lair:5   | Reached skill level 9 in Translocations
 22687 | Lair:5   | Noticed a five-headed hydra
 22689 | Lair:5   | Killed a five-headed hydra
 22796 | Lair:5   | Reached skill level 7 in Dodging
 23019 | Lair:5   | Noticed Rupert
 23023 | Lair:5   | Killed Rupert
 23024 | Lair:5   | Reached XP level 14. HP: 74/74 MP: 26/26
 23320 | Lair:6   | Entered Level 6 of the Lair of Beasts
 23408 | Lair:6   | Reached ***** piety under Vehumet
 23408 | Lair:6   | Offered knowledge of Fireball by Vehumet.
 23516 | Lair:6   | Learned a level 5 spell: Iskenderun's Battlesphere
 23522 | Lair:6   | Learned a level 5 spell: Fireball
 23530 | Lair:6   | You pick up a book of Changes and begin reading...
 23530 | Lair:6   | You add the spells Beastly Appendage, Wereblood and Spider
                  | Form to your library.
 23674 | Lair:6   | Reached skill level 11 in Conjurations
 24171 | Lair:6   | Reached skill level 9 in Spellcasting
 24187 | Lair:6   | Noticed Nessos
 24190 | Lair:6   | HP: 5/74 [Nessos/arrow (15)]
 24191 | Lair:6   | Succumbed to Nessos's poison

Vanquished Creatures
  Rupert (Lair:5)
  5 hydras
  A boulder beetle (Lair:3)
  4 death yaks (Lair:6)
  An oklob plant (Lair:3)
  12 elephants
  2 black mambas
  3 torpor snails
  13 cane toads
  12 komodo dragons
  2 rime drakes
  2 tyrant leeches (Lair:2)
  A polar bear (Lair:5)
  The ghost of XVortexX the Skirmisher, an amateur DsFi (D:3)
  3 trolls (D:10)
  4 slime creatures (D:9)
  Prince Ribbit (D:6)
  4 dream sheep (Lair:5)
  A jumping spider (Lair:4)
  2 culicivoras (Lair:4)
  2 wyverns
  2 basilisks
  25 yaks
  A wraith (D:10)
  Grum (D:8)
  A steam dragon (D:9)
  2 acid dragons
  A swamp worm (Lair:2)
  12 water moccasins
  2 ice beasts (D:6)
  7 orc warriors
  2 sky beasts
  4 black bears
  16 wolves
  5 ogres
  2 centaurs (D:8)
  A wyvern zombie (D:9)
  10 bullfrogs
  A gnoll sergeant (D:8)
  2 scorpions
  2 water moccasin zombies (Ossuary)
  18 wights
  An electric eel (Lair:5)
  3 howler monkeys (D:8)
  6 centaur zombies
  A bullfrog zombie (D:6)
  6 hounds
  3 jellies
  Crazy Yiuf (D:6)
  9 orc priests
  A centaur skeleton (D:4)
  A gnoll shaman (D:4)
  Terence (D:3)
  2 iguanas
  13 orc wizards
  A killer bee zombie (D:6)
  2 mummies (Ossuary)
  A howler monkey zombie (D:10)
  12 gnolls
  A howler monkey skeleton (D:6)
  10 adders
  3 river rats (Sewer)
  A white imp (D:3)
  An adder skeleton (D:4)
  An adder zombie (Ossuary)
  5 worms
  4 dart slugs
  31 orcs
  2 endoplasms
  2 giant cockroaches (D:3)
  12 goblins
  13 hobgoblins
  11 kobolds
  A quokka (D:3)
  17 ball pythons
  4 bats
  7 frilled lizards
  5 gnoll zombies (Ossuary)
  4 hobgoblin zombies (Ossuary)
  3 kobold zombies (Ossuary)
  5 orc zombies (Ossuary)
  30 rats
431 creatures vanquished.

Vanquished Creatures (others)
  21 fungi
  22 plants
43 creatures vanquished.

Grand Total: 474 creatures vanquished

Table legend:
 A = Non-vault XP
 B = Vault XP
 C = Vault XP percentage of total XP
 D = Non-vault monster count
 E = Vault monster count
 F = Vault count percentage of total count
                 A         B        C        D         E       F
            +---------+---------+-------+---------+---------+-------
      Total |   40074 |   12852 |  24.3 |     265 |     166 |  38.5
            +---------+---------+-------+---------+---------+-------
        D:1 |      29 |       0 |   0.0 |      16 |       0 |   0.0
        D:2 |      24 |       0 |   0.0 |      11 |       0 |   0.0
        D:3 |      50 |     612 |  92.4 |      15 |      10 |  40.0
        D:4 |     252 |       0 |   0.0 |      16 |       0 |   0.0
        D:5 |     627 |      10 |   1.6 |      14 |       2 |  12.5
        D:6 |    1263 |     436 |  25.7 |      16 |       4 |  20.0
        D:7 |    1132 |     234 |  17.1 |      14 |      28 |  66.7
        D:8 |    1413 |     293 |  17.2 |      30 |       2 |   6.2
        D:9 |    2815 |     330 |  10.5 |      26 |      11 |  29.7
       D:10 |    1848 |     549 |  22.9 |      12 |      11 |  47.8
     Lair:1 |    3911 |    1659 |  29.8 |      15 |       5 |  25.0
     Lair:2 |    2990 |     727 |  19.6 |      14 |       3 |  17.6
     Lair:3 |    3103 |       0 |   0.0 |       9 |       0 |   0.0
     Lair:4 |    2845 |    1182 |  29.4 |      13 |       5 |  27.8
     Lair:5 |   12280 |    5592 |  31.3 |      32 |      10 |  23.8
     Lair:6 |    5492 |     696 |  11.2 |      12 |       6 |  33.3
      Sewer |       0 |     308 | 100.0 |       0 |      47 | 100.0
    Ossuary |       0 |     224 | 100.0 |       0 |      22 | 100.0
            +---------+---------+-------+---------+---------+-------

Illustrated notes

Table legend:
 A = Kills in this place as a percentage of kills in entire the game.
 B = Kills by you in this place as a percentage of kills by you in the entire game.
 C = Kills by friends in this place as a percentage of kills by friends in the entire game.
 D = Other kills in this place as a percentage of other kills in the entire game.
 E = Experience gained in this place as a percentage of experience gained in the entire game.
 F = Experience gained in this place divided by the number of levels of this place that you have seen.
                   A       B       C       D       E      F
               +-------+-------+-------+-------+-------+----------------------
         Total | 100.0 | 100.0 |   N/A |   N/A | 100.0 | 2785.6
       Dungeon |  55.2 |  55.2 |   N/A |   N/A |  22.5 | 1191.7
          Lair |  28.8 |  28.8 |   N/A |   N/A |  76.5 | 6746.2
         Sewer |  10.9 |  10.9 |   N/A |   N/A |   0.6 | 308.0
       Ossuary |   5.1 |   5.1 |   N/A |   N/A |   0.4 | 224.0
               +-------+-------+-------+-------+-------+----------------------

Table legend: (Time is in decaauts)
 A = Elapsed time spent in this place.
 B = Non-inter-level travel time spent in this place.
 C = Inter-level travel time spent in this place.
 D = Time resting spent in this place.
 E = Time spent auto-exploring this place.
 F = Levels seen in this place.
 G = Mean time per level.
                   A        B        C        D        E       F      G
               +--------+--------+--------+--------+--------+-----+--------+
         Total |  24233 |  22306 |   1927 |    842 |  18017 |  19 | 1275.4 |
       Dungeon |  14901 |  13212 |   1689 |    493 |  10549 |  10 | 1490.1 |
        Temple |    373 |    321 |     52 |      0 |    304 |   1 |  373.0 |
          Lair |   8132 |   7947 |    185 |    213 |   6757 |   6 | 1355.3 |
         Sewer |    540 |    540 |      0 |     50 |    366 |   1 |  540.0 |
       Ossuary |    284 |    284 |      0 |     86 |     41 |   1 |  284.0 |
               +--------+--------+--------+--------+--------+-----+--------+

Top non-repeatable levels by time:
     D:9: 2173 daAuts
  Lair:4: 1972 daAuts
     D:7: 1944 daAuts
     D:4: 1795 daAuts
     D:8: 1721 daAuts
  Lair:5: 1694 daAuts
     D:3: 1633 daAuts
  Lair:2: 1572 daAuts
    D:10: 1386 daAuts
     D:6: 1327 daAuts
  Lair:1: 1194 daAuts
     D:1: 1161 daAuts
     D:2: 960 daAuts
  Lair:3: 922 daAuts
     D:5: 796 daAuts
